 Dungeon Crawl Stone Soup version 0.20.1-1-g8b1a95d (webtiles) character file.

700313 equalderp2856 the Conqueror (level 27, -7/273 HPs)
             Began as a Minotaur Fighter on Aug 19, 2017.
             Killed from afar by a Tzitzimitl (62 damage)
             ... with a bolt of negative energy
             ... called by a doom hound
             ... on level 1 of Tartarus on Aug 20, 2017.
             The game lasted 10:00:32 (144278 turns).

equalderp2856 the Conqueror (Minotaur Fighter)    Turns: 144278, Time: 10:00:33

Health: -7/273     AC: 45    Str: 37    XL:     27
Magic:  33/33      EV: 13    Int: 10    God:
Gold:   5856       SH: 26    Dex: 10    Spells: 25/41 levels left

rFire    + . .     SeeInvis .   x - +2 broad axe (chop)
rCold    . . .     Gourm    .   T - +2 shield {reflect}
rNeg     . . .     Faith    .   P - +8 plate armour of Narcissism {*Contam Str+5}
rPois    .         Spirit   .   F - +2 hat
rElec    +         Reflect  +   y - +2 cloak {+Inv}
rCorr    .         Harm     .   g - +2 pair of gloves
MR       +++..     Clarity  +   e - +2 pair of boots
Stlth    ..........             S - +5 amulet of reflection
Regen    0.6/turn               o - ring "Komykiaf" {rF+ MR+ Str+7 Int+2}
MPRegen  0.3/turn               (no ring)

@: heavily drained
A: retaliatory headbutt, horns 2, molten scales 1, clarity, clumsy 2, dopey 1,
shaggy fur 1, electricity resistance, subdued magic 1
}: 3/15 runes: barnacled, silver, gossamer
a: Evoke Invisibility


You were on level 1 of Tartarus.
You were near starving.

You visited 12 branches of the dungeon, and saw 49 of its levels.
You visited the Abyss 3 times.
You also visited: Labyrinth and Wizlab.

You collected 6436 gold pieces.
You spent 580 gold pieces at shops.

Inventory:

Hand Weapons
 b - the +1 hand crossbow of Calamity {flame, rElec rPois rF- Int+8}
   (You bought it in a shop on level 5 of the Dungeon)

   It causes projectiles fired from it to burn those they strike, causing extra
   injury to most foes and up to half again as much damage against particularly
   susceptible opponents.
   It affects your intelligence (+8).
   It makes you vulnerable to fire.
   It insulates you from electricity.
   It protects you from poison.
 j - a +7 trident of piercing
 m - the +6 war axe "Xeskyllegg" {flame, rPois rF- Int+3 Stlth+}
   (You found it on level 5 of the Vaults)

   It has been specially enchanted to burn those struck by it, causing extra
   injury to most foes and up to half again as much damage against particularly
   susceptible opponents.
   Big, fiery blades are also staple armaments of hydra-hunters.
   It affects your intelligence (+3).
   It makes you vulnerable to fire.
   It protects you from poison.
   It makes you more stealthy.
 x - a +2 broad axe of chopping (weapon)
 C - the +6 battleaxe of the Establishment {flame, rElec rPois rF+}
   (You took it off a yaktaur on level 1 of the Depths)

   It has been specially enchanted to burn those struck by it, causing extra
   injury to most foes and up to half again as much damage against particularly
   susceptible opponents.
   Big, fiery blades are also staple armaments of hydra-hunters.
   It protects you from fire.
   It insulates you from electricity.
   It protects you from poison.
 D - a +1 vampiric war axe
 X - a +4 arbalest of velocity
 Y - a +2 war axe of chopping
Armour
 e - a +2 pair of boots (worn)
 f - a +3 plate armour of cold resistance
 g - a +2 pair of gloves (worn)
 l - the +4 scale mail "Riotted" {-Cast rF++ rC+, unknown}
   (You found it in a wizard's laboratory)

   It greatly protects you from fire.
   It protects you from cold.
   It prevents spellcasting.
 r - a +2 cloak of invisibility
 t - a +2 cloak of magic resistance
 y - a +2 cloak of invisibility (worn)
 F - a +2 hat (worn)
 H - a +3 plate armour of magic resistance
 M - a +3 chain mail
 P - the +8 plate armour of Narcissism (worn) {*Contam Str+5}
   (You found it on level 3 of the Elven Halls)

   It affects your strength (+5).
   It causes magical contamination when unequipped.
 T - a +2 shield of reflection (worn)
 U - a +2 buckler of fire resistance
Jewellery
 a - a +3 ring of intelligence
 o - the ring "Komykiaf" (left hand) {rF+ MR+ Str+7 Int+2}
   (You took it off a vault warden on level 4 of the Vaults)

   [ring of protection from magic]

   It affects your strength (+7).
   It affects your intelligence (+2).
   It protects you from fire.
   It affects your resistance to hostile enchantments.
 p - an uncursed ring of protection from magic
 s - the ring of Phasing {EV+8}
   (You found it on level 5 of the Vaults)

   [ring of evasion]

   It affects your evasion (+8).
 u - the ring of Robustness {AC+8}
   (You took it off a yaktaur on level 5 of the Vaults)

   [ring of protection]

   It affects your AC (+8).
 z - the ring of the Realms {MR+ Str+4}
   (You took it off a deep elf demonologist on level 3 of the Elven Halls)

   [ring of strength]

   It affects your strength (+4).
   It affects your resistance to hostile enchantments.
 R - an uncursed ring of poison resistance {unknown}
 S - a +5 amulet of reflection (around neck)
 W - a -2 ring of strength
Wands
 K - a wand of paralysis (5/24)
 L - a wand of polymorph (3/24)
 Z - a wand of clouds (4/9)
Scrolls
 c - 27 scrolls of identify
 h - 7 scrolls of teleportation
 k - 4 scrolls of fear
 v - 7 scrolls of fog
 I - 4 scrolls of amnesia
 N - 2 scrolls of magic mapping
 O - 5 scrolls of blinking
 V - 6 scrolls of remove curse
Potions
 d - 5 potions of might
 q - 12 potions of curing
 w - a potion of cancellation
 B - 10 potions of haste
 E - 2 potions of flight
 G - a potion of heal wounds
 J - a potion of ambrosia
Miscellaneous
 n - a lightning rod (4/4)
 A - a phial of floods
Comestibles
 i - 13 meat rations
 Q - a bread ration


   Skills:
 O Level 27(24.9) Fighting
 O Level 27(24.9) Axes
 - Level 11.5(19.2) Polearms
 - Level 1.6(0.5) Crossbows
 + Level 24.3(22.3) Armour
 - Level 9.3(7.9) Dodging
 - Level 5.8(4.5) Stealth
 O Level 27(24.9) Shields
 - Level 7.6(6.2) Spellcasting
 - Level 1.1(0.0) Hexes
 - Level 10.2(8.8) Charms
 - Level 1.6(0.5) Necromancy
 - Level 5.7(4.4) Translocations
 - Level 3.6(2.4) Evocations


You had 25 spell levels left.
You knew the following spells:

 Your Spells              Type           Power        Failure   Level  Hunger
a - Infusion              Chrm           ###.         1%          1    None
b - Shroud of Golubria    Chrm/Tloc      ##........   4%          2    ##.....
c - Song of Slaying       Chrm           ###.....     1%          2    ##.....
d - Regeneration          Chrm/Necr      #.........   21%         3    ###....
e - Spectral Weapon       Hex/Chrm       #.......     22%         3    ###....
f - Confusing Touch       Hex            #.....       45%         1    None
g - Swiftness             Chrm/Air       #.......     12%         2    ##.....
h - Blink                 Tloc           N/A          12%         2    ##.....


Dungeon Overview and Level Annotations

Branches:
Dungeon (15/15)            Temple (1/1) D:5            Lair (6/6) D:11
 Shoals (4/4) Lair:2       Spider (4/4) Lair:3        Slime (0/5) Lair:6
    Orc (2/2) D:12            Elf (3/3) Orc:2        Vaults (5/5) D:14
  Crypt (2/3) Vaults:2     Depths (5/5) D:15           Hell (1/1)
    Dis (0/7) Hell            Geh (0/7) Hell            Coc (0/7) Hell
    Tar (1/7) Hell            Zot (0/5) Depths:5

Altars:
Ashenzari
Cheibriados
Dithmenos
Elyvilon
Fedhas
Gozag
Hepliaklqana
Kikubaaqudgha
Makhleb
Nemelex Xobeh
Okawaru
Qazlal
Ru
Sif Muna
Trog
Uskayaw
Vehumet
Xom
Yredelemnul
Zin
The Shining One
Jiyva
Lugonu

Shops:
D:5 (   D:7 *   Orc:2 *([=   Elf:2 %   Vaults:2 [   Vaults:3 [   Vaults:4 (

Portals:
Hell: Depths:1 Depths:2 Depths:3 Depths:4 Depths:5
Abyss: Depths:3 Depths:4 Depths:5
Pandemonium: Depths:3
Ziggurat: Depths:5
Trove: Vaults:4 (give 3 potions of resistance)

Annotations:
Crypt:2 Boris, Jory


Innate Abilities, Weirdness & Mutations

You reflexively headbutt those who attack you in melee.
You have a pair of horns on your head.
You are partially covered in molten scales. (AC +2)
You possess an exceptional clarity of mind.
You are very clumsy. (Dex -4)
You are dopey. (Int -2)
You are covered in fur. (AC +1)
You are resistant to electric shocks. (rElec)
Your spells are a little easier to cast, but a little less powerful.


Message History

The Tzitzimitl calls on the powers of darkness!
Your body is wracked with pain!
* * * LOW HITPOINT WARNING * * *
You hear a distant "Zot"!
Things that are here:
a robe; a war axe You feel yourself speed up.
Your surroundings suddenly seem different.
A flying skull comes into view.
The flying skull gives a hideous shriek!
A flying skull comes into view.
You feel better. You block the flying skull's attack.
You slice the flying skull!!
You destroy the flying skull!
The Tzitzimitl gestures at you.
The bolt of negative energy hits the bone dragon.
The bone dragon completely resists.
The bolt of negative energy hits you!
You feel drained.
You die...

#.#.#.#.#.......................
###########.....................
#.#.#.#.#.#.....................
#........###....................
#.........#.....................
#........###....................
#.........#...........).........
#........###....................
#.........#....@................
#........###.....D..........#...
#.........#.......#1.......#####
#.................#.>^.....##...
#.................##......###...
#................##........#....
#.................#........#....
#................##........#....
#.................##......###...


You could see a bone dragon and a Tzitzimitl.

Vanquished Creatures
  An ancient lich (Vaults:5)
  A juggernaut (Depths:5)
  A caustic shrike (shapeshifter) (Vaults:2)
  Geryon (Hell)
  11 caustic shrikes
  4 golden dragons
  2 bone dragons
  Arachne (Spider:1)
  8 Tzitzimimeh
  5 doom hounds
  Jorgrun (Vaults:1)
  An electric golem (WizLab)
  Rupert (D:15)
  6 tentacled monstrosities
  5 liches
  The ghost of CitizenNev the Bludgeoner, an adept DsFi of Okawaru (WizLab)
  3 krakens
  A quicksilver dragon (Vaults:4)
  4 titans
  Polyphemus (Shoals:3)
  3 deep elf blademasters
  A tentacled starspawn (Abyss:3)
  6 sphinxes
  An ancient champion (Crypt:1)
  A draconian monk (Depths:5)
  7 tengu reavers
  A thorn hunter (Abyss:3)
  6 shadow dragons
  7 storm dragons
  Ilsuiw (Shoals:4)
  Donald (Elf:2)
  Roxanne (Elf:2)
  8 ghost moths
  An orc warlord (D:12)
  A caustic shrike zombie (Depths:3)
  9 fire giants
  Aizul (Vaults:1)
  A frost giant (shapeshifter) (Vaults:5)
  16 frost giants
  An iron dragon (Vaults:5)
  10 deep elf sorcerers
  17 vault wardens
  A draconian knight (Depths:5)
  6 emperor scorpions (Spider:4)
  Louise (Elf:2)
  2 curse skulls (Crypt:1)
  An angel (Abyss:4)
  2 spriggan defenders (Depths:3)
  3 deep elf elementalists
  14 reapers
  7 war gargoyles
  44 very ugly things
  23 stone giants
  19 ironheart preservers
  2 ophanim (Abyss:4)
  6 ghouls (Crypt:1)
  A starcursed mass (Abyss:3)
  7 entropy weavers
  A vampire knight (Tar:1)
  2 lorocyprocas (Hell)
  7 deep elf demonologists
  A black draconian (Depths:5)
  14 deep elf annihilators
  9 spark wasps
  A white draconian (Depths:5)
  A red draconian (Depths:5)
  A yellow draconian (Depths:5)
  A crystal guardian (WizLab)
  6 merfolk javelineers
  13 ettins
  A minotaur (shapeshifter) (Vaults:4)
  A fire dragon (shapeshifter) (Elf:2)
  10 deep elf death magi
  14 fire dragons
  25 merfolk impalers
  3 jiangshi (Crypt:1)
  A minotaur (Lab)
  Josephine (Lair:4)
  14 great orbs of eyes
  20 yaktaur captains
  The ghost of Exporg the Severer, a journeyman MiFi of Okawaru (Lab)
  6 deep elf high priests
  26 ogre magi
  Erolcha (Orc:1)
  8 rakshasas
  31 vault guards
  A naga warrior (Abyss:5)
  7 hydras
  Erica (D:11)
  9 spriggan air magi
  18 centaur warriors
  15 ice dragons
  A catoblepas (Shoals:2)
  11 merfolk aquamancers
  6 death knights
  2 alligator snapping turtles
  30 dancing weapons
  13 deep troll shamans
  10 tengu warriors
  79 two-headed ogres
  5 merfolk avatars
  12 deep troll earth magi
  3 satyrs
  3 vampire magi
  12 death yaks
  3 hell hogs
  Urug (D:14)
  10 thrashing horrors
  14 spriggan berserkers
  2 iron golems (WizLab)
  2 soul eaters (Hell)
  29 deep elf knights
  6 sun demons
  7 wretched stars
  A titan skeleton (Tar:1)
  7 shadow wraiths
  4 iron trolls
  6 unseen horrors
  13 hell knights
  27 skeletal warriors
  3 spatial maelstroms (Abyss:5)
  A sea snake (shapeshifter) (Vaults:1)
  A salamander mystic (Depths:1)
  A storm dragon skeleton (Crypt:1)
  5 wizards
  A golden dragon zombie (Depths:3)
  3 anaconda zombies
  27 deep trolls
  An unseen horror (shapeshifter) (Abyss:5)
  A death drake (Tar:1)
  7 flayed ghosts
  16 sea snakes
  2 anaconda skeletons (Hell)
  A sphinx zombie (Vaults:5)
  A shambling mangrove (Abyss:3)
  2 shadow demons
  16 deep elf archers
  11 glowing orange brains
  18 ironbrand convokers
  A shadow dragon zombie (Tar:1)
  10 phantasmal warriors
  A golden dragon skeleton (Tar:1)
  16 orc knights
  4 lindwurms (D:13)
  A mana viper (Abyss:5)
  11 necromancers
  25 harpies
  Pikel (D:6)
  10 cyclopes
  2 wolf spiders (shapeshifter)
  100 deep elf magi
  A frost giant zombie (Vaults:5)
  A shadow dragon skeleton (Tar:1)
  A cyclops (shapeshifter) (Depths:2)
  17 orb spiders
  A fire giant zombie (Vaults:5)
  A human zombie (Vaults:4)
  34 wolf spiders
  17 manticores
  2 tengu skeletons
  A sphinx skeleton (Vaults:4)
  6 orc sorcerers
  56 ugly things
  10 elephants
  16 fauns
  6 worldbinders
  3 stone giant zombies
  A frost giant skeleton (Vaults:5)
  16 vault sentinels
  A shock serpent zombie (Tar:1)
  2 salamanders (Depths:1)
  2 rust devils
  4 black mambas
  7 centaur zombies
  An apocalypse crab (Abyss:4)
  2 stone giant skeletons
  4 smoke demons
  24 large abominations
  2 fire giant skeletons
  A guardian serpent (shapeshifter) (Vaults:1)
  Maurice (D:11)
  A guardian serpent (Abyss:5)
  20 eyes of devastation (Depths:1)
  8 water nymphs
  15 merfolk sirens
  3 torpor snails
  9 spiny frogs
  9 gargoyles
  A torpor snail (shapeshifter) (Vaults:2)
  5 spectral swamp worms (Depths:1)
  2 elf skeletons (Vaults:5)
  A storm dragon simulacrum (Crypt:1)
  2 kobold demonologists
  5 hellions
  11 komodo dragons
  3 rime drakes
  A rime drake (shapeshifter) (Abyss:3)
  2 efreet
  13 freezing wraiths
  8 tengu conjurers
  66 yaktaurs
  An entropy weaver simulacrum (Vaults:1)
  2 yaktaurs (shapeshifter)
  20 demonic crawlers
  A grey draconian skeleton (Crypt:1)
  2 red devils (Hell)
  A tormentor (Tar:1)
  2 hydra zombies
  8 ice devils
  A queen bee (D:11)
  6 ancient zymes (Abyss:5)
  A yaktaur skeleton (Vaults:5)
  3 meliai (D:13)
  3 polar bears (Lair:6)
  A troll (shapeshifter) (Depths:4)
  73 merfolk
  41 jumping spiders
  8 trolls
  A meliai (shapeshifter) (Depths:2)
  5 blink frogs (Lair:3)
  A bog body (Crypt:1)
  28 hornets
  6 raiju (Abyss:5)
  An alligator zombie (Hell)
  A raiju (shapeshifter) (Abyss:3)
  8 wind drakes
  A hydra skeleton (Tar:1)
  A hippogriff (shapeshifter) (Depths:4)
  24 dream sheep
  2 elf zombies
  36 slime creatures
  19 hippogriffs
  19 snapping turtles
  2 frost giant simulacra (Vaults:1)
  An ice dragon skeleton (Vaults:1)
  2 ettin zombies
  A meliai zombie (D:13)
  A guardian serpent skeleton (Crypt:1)
  72 redbacks
  A black mamba zombie (Hell)
  34 tarantellas
  A redback (shapeshifter) (Vaults:4)
  27 spriggans
  A fire dragon skeleton (Abyss:5)
  A fire giant simulacrum (Crypt:1)
  30 flying skulls
  36 water elementals
  8 air elementals
  A vampire (D:10)
  3 ynoxinuls
  An ettin skeleton (Crypt:1)
  An orc simulacrum (Vaults:2)
  11 wraiths
  6 shadows
  5 wyverns
  A hog (shapeshifter) (Abyss:5)
  3 basilisks
  A yak (shapeshifter) (Depths:2)
  2 golden eyes (Depths:1)
  12 fire elementals
  4 fire bats (D:12)
  A steam dragon (D:13)
  26 yaks
  A human (shapeshifter) (Elf:3)
  3 chaos spawn
  7 hungry ghosts
  10 vampire mosquitoes
  6 wargs
  3 neqoxecs (Abyss:5)
  2 acid dragons
  A soldier ant (D:11)
  3 spatial vortices (Abyss:5)
  A harpy simulacrum (Vaults:1)
  4 nagas (Abyss:5)
  20 water moccasins
  A spiny frog zombie (Hell)
  2 floating eyes
  3 porcupines
  A spiny frog skeleton (Hell)
  9 hell hounds
  A hornet zombie (Crypt:1)
  5 ice beasts
  2 eyes of draining
  An eye of draining (shapeshifter) (Vaults:4)
  An ice beast (shapeshifter) (Depths:2)
  38 orc warriors
  5 sky beasts
  A slave (D:6)
  A snapping turtle zombie (Hell)
  An ogre (shapeshifter) (Vaults:4)
  A swamp drake (shapeshifter) (Depths:2)
  5 black bears
  10 necrophages
  79 ogres
  27 wolves
  2 phantoms
  17 boggarts
  2 snapping turtle skeletons
  A tengu (shapeshifter) (Depths:1)
  A centaur (shapeshifter) (Depths:5)
  A manticore skeleton (Tar:1)
  14 crocodiles
  25 centaurs
  10 small abominations
  2 big kobolds
  Blork the orc (D:6)
  19 bullfrogs
  A yaktaur zombie (Vaults:1)
  A glowing shapeshifter simulacrum (Vaults:5)
  A wyvern zombie (D:14)
  6 earth elementals
  2 gnoll sergeants
  A spiny frog simulacrum (Hell)
  2 wyvern skeletons
  6 scorpions
  An elf simulacrum (Vaults:1)
  2 human simulacra
  27 wights
  20 killer bees (D:11)
  5 howler monkeys
  An electric eel (Spider:1)
  9 crimson imps
  2 lava snakes (D:12)
  2 bullfrog zombies (D:10)
  A quasit (D:13)
  15 orc wizards
  Crazy Yiuf (D:2)
  4 bullfrog skeletons
  5 centaur skeletons
  19 orc priests
  7 hounds
  3 iguanas
  7 jellies
  An iron imp (Depths:3)
  12 human skeletons (Vaults:1)
  7 worker ants
  21 hell rats
  A naga skeleton (Tar:1)
  An acid dragon skeleton (Crypt:1)
  A hound zombie (D:8)
  A hound skeleton (Crypt:1)
  15 adders
  15 gnolls
  A river rat (D:11)
  7 shadow imps
  13 white imps
  An adder skeleton (D:9)
  4 worms
  2 dart slugs
  13 leopard geckos
  88 orcs
  A ball python (shapeshifter) (Vaults:4)
  A ball python (D:1)
  9 bats
  4 giant cockroaches
  3 goblins
  3 hobgoblins
  9 jackals
  6 quokkas
  A frilled lizard (D:2)
  A jackal skeleton (Crypt:1)
  12 kobolds
  A quokka skeleton (D:6)
  A quokka zombie (D:5)
  13 rats
  2 crawling corpses (Elf:3)
  3 fire vortices (D:12)
  8 fungi
  A lurking horror (Abyss:5)
  43 plants
  A starspawn tentacle (Abyss:3)
  22 tentacles
3088 creatures vanquished.

Vanquished Creatures (others)
  2 deep elf master archers (Elf:3)
  4 stone giants
  3 merfolk javelineers
  7 yaktaur captains
  A centaur warrior (Vaults:2)
  3 satyrs
  A vampire mage (Crypt:2)
  A deep elf knight (Vaults:5)
  A wretched star (Abyss:4)
  8 deep elf archers
  A deep elf mage (Elf:3)
  2 large abominations (Abyss:5)
  A faun (Shoals:1)
  19 yaktaurs
  A jumping spider (Spider:4)
  A blink frog (shapeshifter) (Vaults:5)
  A ynoxinul (Abyss:5)
  A water elemental (Abyss:5)
  A vampire mosquito (D:13)
  A spatial vortex (Abyss:5)
  An eye of draining (Abyss:5)
  A small abomination (Abyss:5)
  3 centaurs
  2 ogres
  2 jellies
  A hound zombie (D:6)
  6 fungi
  2 lurking horrors (Abyss:5)
  14 plants
  4 spectral weapons
  7 starspawn tentacles
  71 tentacles
  A withered plant (D:15)
175 creatures vanquished.

Grand Total: 3263 creatures vanquished

Notes
Turn   | Place    | Note
-------+----------+-------------------------------------------
     0 | D:1      | equalderp2856 the Minotaur Fighter began the quest for the Orb.
     0 | D:1      | Reached XP level 1. HP: 19/19 MP: 0/0
   144 | D:1      | Reached XP level 2. HP: 21/27 MP: 1/1
   619 | D:2      | Noticed a moth of wrath
   621 | D:2      | Found a bloodstained altar of Trog.
   640 | D:2      | Reached XP level 3. HP: 33/33 MP: 2/2
   763 | D:2      | Found a glowing golden altar of the Shining One.
   903 | D:2      | Found a basalt altar of Yredelemnul.
  1278 | D:2      | Found a runed door.
  1588 | D:2      | Noticed Crazy Yiuf
  1595 | D:2      | Killed Crazy Yiuf
  1595 | D:2      | Reached XP level 4. HP: 30/41 MP: 3/3
  1724 | D:3      | Reached XP level 5. HP: 45/47 MP: 4/4
  1791 | D:3      | Found a snail-covered altar of Cheibriados.
  2640 | D:4      | Found a blossoming altar of Fedhas.
  2780 | D:4      | Found a deep blue altar of Sif Muna.
  3069 | D:5      | Entered Level 5 of the Dungeon
  3069 | D:5      | Noticed a sky beast
  3088 | D:5      | Killed a sky beast
  3088 | D:5      | Reached skill level 5 in Axes
  3088 | D:5      | Reached XP level 6. HP: 29/55 MP: 5/5
  3274 | D:5      | Found a staircase to the Ecumenical Temple.
  3284 | D:5      | Reached skill level 5 in Armour
  3289 | D:5      | Found a radiant altar of Vehumet.
  3334 | D:5      | Noticed an ice beast
  3339 | D:5      | Killed an ice beast
  3339 | D:5      | Reached skill level 1 in Dodging
  3346 | D:5      | Reached skill level 5 in Fighting
  3346 | D:5      | Reached skill level 5 in Shields
  3398 | D:5      | Reached XP level 7. HP: 54/61 MP: 6/6
  3454 | D:5      | Found Hyroaz's Antique Weapon Emporium.
  3715 | D:6      | Noticed Blork the orc
  3727 | D:6      | Killed Blork the orc
  3935 | D:6      | Reached XP level 8. HP: 54/69 MP: 7/7
  4786 | D:6      | Noticed Pikel
  4806 | D:6      | Killed Pikel
  4806 | D:6      | Reached skill level 1 in Stealth
  5125 | D:6      | Found a hazy altar of Hepliaklqana.
  5139 | D:6      | Found a hide-covered altar of Uskayaw.
  5871 | D:7      | Reached XP level 9. HP: 78/78 MP: 8/8
  5945 | D:7      | Found Zin's Purification Station.
  5959 | D:7      | Found a glowing silver altar of Zin.
  6052 | D:7      | Reached skill level 10 in Axes
  6236 | D:7      | Found a hide-covered altar of Uskayaw.
  6322 | D:7      | Found a stormy altar of Qazlal.
  6461 | D:7      | Found an opulent altar of Gozag.
  7401 | D:8      | Found a shattered altar of Ashenzari.
  7955 | D:9      | Noticed a troll
  7964 | D:9      | Killed a troll
  7964 | D:9      | Reached XP level 10. HP: 85/88 MP: 9/9
  8103 | D:9      | Noticed a two-headed ogre
  8126 | D:9      | Killed a two-headed ogre
  8320 | D:9      | Found a burning altar of Makhleb.
  8320 | D:9      | Noticed a blizzard demon
  8943 | D:10     | Entered Level 10 of the Dungeon
  8998 | D:10     | Noticed a two-headed ogre
  9075 | D:10     | Killed a two-headed ogre
  9342 | D:10     | Reached skill level 10 in Shields
  9348 | D:10     | Reached XP level 11. HP: 67/97 MP: 10/10
  9821 | D:10     | Found a basalt altar of Yredelemnul.
 10294 | D:5      | Bought a blackened hand crossbow for 221 gold pieces
 10309 | D:5      | Identified the cursed +1 hand crossbow of Calamity {flame, rElec rPois rF- Int+8} (You bought it in a shop on level 5 of the Dungeon)
 10432 | Temple   | Entered the Ecumenical Temple
 10638 | D:11     | Noticed a death yak
 10638 | D:11     | Noticed a deep elf mage
 10643 | D:11     | Noticed a death yak
 10644 | D:11     | Noticed a death yak
 10759 | D:10     | Killed a death yak
 11019 | D:9      | Killed a death yak
 11019 | D:9      | Reached skill level 10 in Armour
 11292 | D:10     | Killed a death yak
 11357 | D:11     | Found a staircase to the Lair.
 12072 | D:11     | Killed a deep elf mage
 12175 | D:11     | Reached skill level 10 in Fighting
 12187 | D:11     | Noticed an eight-headed hydra
 12194 | D:11     | Found a runed door.
 12205 | D:11     | Killed an eight-headed hydra
 12205 | D:11     | Reached skill level 1 in Polearms
 12497 | D:11     | Noticed a deep elf mage
 12508 | D:11     | Killed a deep elf mage
 12556 | D:11     | Noticed Erica
 12561 | D:11     | Noticed Maurice
 12570 | D:11     | Killed Erica
 12927 | D:11     | Killed Maurice
 13103 | D:11     | Noticed a seven-headed hydra
 13115 | D:11     | Killed a seven-headed hydra
 13115 | D:11     | Reached XP level 12. HP: 85/107 MP: 11/11
 13822 | Lair:1   | Entered Level 1 of the Lair of Beasts
 15148 | Lair:1   | Learned a level 1 spell: Infusion
 15151 | Lair:1   | Learned a level 2 spell: Shroud of Golubria
 15154 | Lair:1   | Learned a level 2 spell: Song of Slaying
 15158 | Lair:1   | Learned a level 3 spell: Regeneration
 15162 | Lair:1   | Learned a level 3 spell: Spectral Weapon
 15655 | D:10     | Noticed a two-headed ogre
 15670 | D:10     | Killed a two-headed ogre
 16221 | D:11     | Noticed a deep elf high priest
 16515 | D:12     | Found a staircase to the Orcish Mines.
 16630 | D:12     | Reached skill level 15 in Axes
 16790 | D:12     | Reached skill level 1 in Spellcasting
 17016 | D:12     | Noticed a seven-headed hydra
 17032 | D:12     | Killed a seven-headed hydra
 18254 | D:13     | Noticed a two-headed ogre
 18259 | D:13     | Killed a two-headed ogre
 18823 | D:13     | Reached XP level 13. HP: 102/116 MP: 15/15
 20401 | D:14     | Noticed Urug
 20416 | D:14     | Killed Urug
 20675 | D:14     | Found a gate to the Vaults.
 21139 | D:15     | Entered Level 15 of the Dungeon
 22656 | D:15     | Paralysed by an ogre mage for 3 turns
 23258 | D:15     | Reached XP level 14. HP: 125/127 MP: 19/19
 24289 | D:15     | Found a staircase to the Depths.
 25068 | D:15     | Noticed Rupert
 25072 | D:15     | Paralysed by Rupert for 3 turns
 25230 | D:15     | Killed Rupert
 25825 | Orc:1    | Entered Level 1 of the Orcish Mines
 25825 | Orc:1    | Noticed an orc warlord
 25828 | Orc:1    | Noticed Erolcha
 26206 | D:12     | Killed an orc warlord
 26304 | Orc:1    | Killed Erolcha
 26759 | Orc:2    | Entered Level 2 of the Orcish Mines
 26849 | Orc:2    | Noticed a stone giant
 26868 | Orc:2    | Killed a stone giant
 27177 | Orc:2    | Found a staircase to the Elven Halls.
 27319 | Orc:1    | Reached skill level 5 in Spellcasting
 27354 | Orc:2    | Reached skill level 1 in Evocations
 28030 | Orc:2    | Found Pyalemomi's Armour Emporium.
 28030 | Orc:2    | Found Rasececs's General Store.
 28030 | Orc:2    | Found Rajyxen's Jewellery Shop.
 28030 | Orc:2    | Found Ziqoibrao's Weapon Emporium.
 28054 | Orc:2    | Bought a scroll of blinking for 127 gold pieces
 28894 | D:12     | Reached XP level 15. HP: 136/136 MP: 22/22
 29966 | Lair:1   | Identified a scroll of acquirement
 30131 | Lair:2   | Found a labyrinth entrance.
 30157 | Lab      | Entered a labyrinth
 30478 | Lab      | Identified Bagoskant's Tome of the Mountains
 30490 | Lab      | Identified Deffousa's Incunabulum of Cold and Poisoning
 31241 | Lab      | Noticed Exporg's ghost (journeyman MiFi)
 31289 | Lab      | Killed Exporg's ghost
 32075 | Lab      | Paralysed by fainting for 9 turns
 32392 | Lair:2   | Reached skill level 1 in Charms
 32462 | Lair:2   | Found a staircase to the Shoals.
 33513 | Lair:3   | Found a hole to the Spider Nest.
 34790 | Lair:4   | Noticed Josephine
 34824 | Lair:4   | Killed Josephine
 36210 | Lair:1   | Learned a level 1 spell: Confusing Touch
 36799 | D:13     | Identified Kesobenwes's Catalogue of the Gliding Glacier
 37041 | Lair:1   | Learned a level 2 spell: Swiftness
 37347 | D:14     | Reached skill level 1 in Translocations
 38185 | D:15     | Learned a level 2 spell: Blink
 39146 | D:15     | Got a bloodstained dagger
 40606 | Lair:6   | Entered Level 6 of the Lair of Beasts
 40644 | Lair:6   | Reached XP level 16. HP: 65/147 MP: 11/24
 40802 | Lair:6   | Found a staircase to the Slime Pits.
 40803 | Lair:6   | Found a viscous altar of Jiyva.
 41308 | Lair:6   | Reached skill level 15 in Shields
 41471 | Lair:6   | Reached skill level 15 in Fighting
 43124 | Lair:6   | Got a steaming fustibalus
 43990 | Shoals:1 | Entered Level 1 of the Shoals
 44497 | Shoals:1 | Gained mutation: Your magical capacity is low. (-10% MP) [mutagenic glow]
 44802 | Shoals:1 | You fall through a shaft!
 44913 | Shoals:2 | Identified the Incunabulum of Moulding and Attacks
 46165 | Shoals:2 | Noticed a kraken
 46214 | Shoals:2 | Reached skill level 15 in Armour
 47930 | Shoals:2 | Killed a kraken
 48260 | Shoals:3 | Reached XP level 17. HP: 127/159 MP: 18/22
 49984 | Shoals:3 | Noticed Polyphemus
 50430 | Shoals:3 | Killed Polyphemus
 50898 | Shoals:4 | Entered Level 4 of the Shoals
 50939 | Shoals:3 | Reached skill level 5 in Charms
 51213 | Shoals:4 | Reached skill level 5 in Translocations
 51760 | Shoals:4 | Noticed a kraken
 52083 | Shoals:4 | Killed a kraken
 53207 | Shoals:4 | Noticed Ilsuiw
 54131 | Shoals:4 | Killed Ilsuiw
 54131 | Shoals:4 | Reached XP level 18. HP: 93/171 MP: 16/23
 54459 | Shoals:4 | Got a barnacled rune of Zot
 59651 | Shoals:4 | Got a crude leather armour
 59867 | Shoals:4 | Paralysed by fainting for 7 turns
 61006 | Shoals:1 | Identified the cursed +0 leather armour of Modesty {rN+ Regen+ SInv Stlth+} (You took it off a merfolk impaler on level 4 of the Shoals)
 62229 | Shoals:1 | Paralysed by fainting for 8 turns
 62602 | Spider:1 | Entered Level 1 of the Spider Nest
 64500 | Spider:2 | Reached skill level 5 in Dodging
 64523 | Spider:2 | Noticed Arachne
 64556 | Spider:1 | Killed Arachne
 66116 | Spider:3 | Reached XP level 19. HP: 95/182 MP: 13/24
 66685 | Spider:4 | Entered Level 4 of the Spider Nest
 67891 | Spider:4 | Got a gossamer rune of Zot
 69524 | Lair:1   | Got a scorched demon blade
 69533 | Lair:1   | Identified the +8 demon blade of Qazlal's Reproof {slice, rN++ Str-5} (You acquired it on level 1 of the Lair of Beasts)
 69618 | Lair:1   | Reached XP level 20. HP: 193/193 MP: 25/25
 69750 | Lair:1   | Lost mutation: Your magical capacity is low. (-10% MP) [mutagenic glow]
 69771 | Lair:1   | Gained mutation: You are weak. (Str -2) [mutagenic glow]
 70070 | Lair:1   | Gained mutation: Your magical capacity is low. (-10% MP) [mutagenic glow]
 70090 | Lair:1   | Gained mutation: You expend magic power (3 MP) to strengthen your wands. [mutagenic glow]
 70154 | Lair:1   | Gained mutation: You are clumsy. (Dex -2) [mutagenic glow]
 70411 | Lair:1   | Cast into level 4 of the Abyss (a distortion unwield)
 70411 | Abyss:4  | Found a glowing golden altar of the Shining One.
 70429 | Abyss:4  | Reached skill level 5 in Stealth
 70621 | Abyss:4  | Found a glowing golden altar of the Shining One.
 70668 | Lair:1   | Escaped the Abyss
 71103 | Lair:1   | Cast into level 4 of the Abyss (a distortion unwield)
 71153 | Abyss:4  | Noticed a bone dragon
 71165 | Abyss:5  | Entered Level 5 of the Abyss
 71399 | Abyss:5  | Found a corrupted altar of Lugonu.
 71528 | Abyss:5  | Found a corrupted altar of Lugonu.
 71628 | Abyss:5  | Noticed a bone dragon
 71681 | Abyss:5  | Killed a bone dragon
 72218 | Abyss:5  | Found a corrupted altar of Lugonu.
 72374 | Abyss:5  | Reached XP level 21. HP: 40/202 MP: 5/23
 72393 | Abyss:5  | Found a corrupted altar of Lugonu.
 73166 | Abyss:5  | Noticed a profane servitor
 73251 | Lair:1   | Escaped the Abyss
 73412 | Lair:1   | Lost mutation: You expend magic power (3 MP) to strengthen your wands. [potion of mutation]
 73412 | Lair:1   | Lost mutation: You are clumsy. (Dex -2) [potion of mutation]
 73412 | Lair:1   | Lost mutation: You are weak. (Str -2) [potion of mutation]
 73412 | Lair:1   | Gained mutation: Your system is resistant to poisons. (rPois) [potion of mutation]
 73412 | Lair:1   | Gained mutation: You are occasionally teleported next to monsters. [potion of mutation]
 73412 | Lair:1   | Gained mutation: You are partially covered in slimy green scales. (AC +2) [potion of mutation]
 73413 | Lair:1   | Lost mutation: Your magical capacity is low. (-10% MP) [potion of mutation]
 73413 | Lair:1   | Lost mutation: Your system is resistant to poisons. (rPois) [potion of mutation]
 73413 | Lair:1   | Lost mutation: You are partially covered in slimy green scales. (AC +2) [potion of mutation]
 73413 | Lair:1   | Gained mutation: You passively map a small area around you. [potion of mutation]
 73413 | Lair:1   | Gained mutation: You are partially covered in slimy green scales. (AC +2) [potion of mutation]
 73413 | Lair:1   | Gained mutation: You are mostly covered in slimy green scales. (AC +3) [potion of mutation]
 73413 | Lair:1   | Gained mutation: You are resistant to electric shocks. (rElec) [potion of mutation]
 73415 | Lair:1   | Lost mutation: You passively map a small area around you. [potion of mutation]
 73415 | Lair:1   | Lost mutation: You are occasionally teleported next to monsters. [potion of mutation]
 73415 | Lair:1   | Lost mutation: You are mostly covered in slimy green scales. (AC +3) [potion of mutation]
 73415 | Lair:1   | Lost mutation: You are partially covered in slimy green scales. (AC +2) [potion of mutation]
 73415 | Lair:1   | Gained mutation: You are covered in fur. (AC +1) [potion of mutation]
 73415 | Lair:1   | Gained mutation: You are clumsy. (Dex -2) [potion of mutation]
 73415 | Lair:1   | Gained mutation: You are partially covered in molten scales. (AC +2) [potion of mutation]
 74000 | Elf:1    | Entered Level 1 of the Elven Halls
 74709 | Elf:1    | Got a translucent graven amulet
 74819 | Elf:1    | Identified the Compendium of Combat Magic
 74901 | Elf:1    | Cast into level 3 of the Abyss (a deep elf sorcerer)
 75120 | Abyss:3  | Reached skill level 1 in Necromancy
 75252 | Elf:1    | Escaped the Abyss
 76323 | Elf:2    | Found a runed gate.
 76323 | Elf:2    | Found a runed gate.
 76324 | Elf:2    | Found a runed gate.
 76475 | Elf:2    | Noticed Donald
 76484 | Elf:2    | Killed Donald
 76656 | Elf:2    | Noticed Roxanne
 76691 | Elf:2    | Killed Roxanne
 76770 | Elf:2    | Found Gets's Food Shop.
 77047 | Elf:2    | Noticed Louise
 77070 | Elf:2    | Killed Louise
 77813 | Elf:3    | Entered Level 3 of the Elven Halls
 79167 | Elf:3    | Reached XP level 22. HP: 213/213 MP: 31/31
 81231 | Elf:3    | Identified the amulet of Bigutruall {Faith rF+ rC+} (You found it on level 1 of the Elven Halls)
 81240 | Elf:3    | Got a transparent bronze amulet
 81242 | Elf:3    | Identified the amulet "Domeadoc" {Inacc Int+6 Dex+5} (You found it on level 3 of the Elven Halls)
 82155 | Elf:3    | Got an encrusted quarterstaff {speed}
 82158 | Elf:3    | Got a crude brass ring
 82159 | Elf:3    | Got a warped flail {pain}
 82499 | Elf:3    | Got an ancient mace {protect}
 82574 | Elf:3    | Got a jewelled spear {pierce}
 82574 | Elf:3    | Got a polished scimitar {flame}
 82578 | Elf:3    | Got an ancient plate armour
 83480 | Elf:3    | Got an ivory short sword
 83771 | Elf:3    | Identified the ring of the Realms {MR+ Str+4} (You took it off a deep elf demonologist on level 3 of the Elven Halls)
 88186 | Elf:3    | Identified the +8 plate armour of Narcissism {*Contam Str+5} (You found it on level 3 of the Elven Halls)
 88843 | Elf:3    | Gained mutation: You possess an exceptional clarity of mind. [mutagenic glow]
 89109 | Elf:3    | Identified the +8 mace of the Pit {protect, rF+} (You took it off a deep elf death mage on level 3 of the Elven Halls)
 89211 | Elf:3    | Identified the +10 quarterstaff of Compound Interest {speed, MR+ Int+6} (You took it off a deep elf sorcerer on level 3 of the Elven Halls)
 89235 | Elf:3    | Identified the +11 spear of Mana {pierce, Stlth+} (You took it off a deep elf annihilator on level 3 of the Elven Halls)
 89238 | Elf:3    | Identified the cursed +1 short sword "Vulux" {antimagic, rPois rC+ MR+ Int-4} (You found it on level 3 of the Elven Halls)
 90857 | Vaults:1 | Entered Level 1 of the Vaults
 91301 | Vaults:1 | Noticed Aizul
 91327 | Vaults:1 | Killed Aizul
 92683 | Vaults:1 | Noticed Jorgrun
 92700 | Vaults:1 | Killed Jorgrun
 93227 | Vaults:1 | Reached XP level 23. HP: 214/224 MP: 32/32
 94258 | Vaults:2 | Found a staircase to the Crypt.
 94558 | Vaults:2 | Found Ceisale's Antique Armour Shoppe.
 94931 | Vaults:2 | Bought a shiny shield for 232 gold pieces
 95751 | Vaults:2 | Noticed a caustic shrike
 95751 | Vaults:2 | an iron troll changed into a caustic shrike
 95756 | Vaults:2 | Killed a caustic shrike
 95815 | Crypt:1  | Entered Level 1 of the Crypt
 97851 | Crypt:2  | Noticed Boris
 98057 | Crypt:2  | Noticed Jory
 98700 | Vaults:3 | Found Bovvatow's Armour Emporium.
100045 | Vaults:3 | Reached XP level 24. HP: 172/236 MP: 32/32
100395 | Vaults:4 | Found Moxigh's Antique Weapon Boutique.
100757 | Vaults:4 | Found a portal to a secret trove of treasure.
102246 | Vaults:5 | Entered Level 5 of the Vaults
102397 | Vaults:5 | Noticed an ancient lich
103166 | Vaults:5 | Killed an ancient lich
103779 | Vaults:5 | Reached skill level 1 in Hexes
104252 | Vaults:4 | Reached XP level 25. HP: 98/246 MP: 33/33
106050 | Vaults:4 | Paralysed by fainting for 11 turns
106065 | Vaults:4 | Paralysed by fainting for 11 turns
106078 | Vaults:4 | Paralysed by fainting for 5 turns
106088 | Vaults:4 | Paralysed by fainting for 11 turns
107250 | Vaults:5 | Got a silver rune of Zot
107281 | Vaults:5 | Reached skill level 10 in Charms
107381 | Vaults:5 | Identified the Reference Book on Attacks
107638 | Vaults:5 | Identified the Compendium of Ghastly Transmigration
107874 | Vaults:5 | Paralysed by fainting for 5 turns
107907 | Vaults:5 | Paralysed by fainting for 6 turns
107914 | Vaults:5 | Paralysed by fainting for 7 turns
109753 | Vaults:5 | Got an uncursed ichor-stained trident {pierce}
110358 | Vaults:5 | Got an uncursed bloodstained war axe {flame}
110856 | Vaults:5 | Got a twisted shortbow
111761 | Vaults:5 | Got ancient quicksilver dragon scales
113079 | Vaults:5 | Gained mutation: Your spells are a little easier to cast, but a little less powerful. [mutagenic glow]
113303 | Vaults:5 | Identified the quicksilver dragon scales of Poor Excuses {*Drain MR+ Int+8 Dex+3} (You took it off a yaktaur captain on level 5 of the Vaults)
113437 | Vaults:5 | Identified the +4 shortbow "Zeoteum" {velocity, rElec rC+ rN+} (You found it on level 5 of the Vaults)
113438 | Vaults:5 | Identified the +6 war axe "Xeskyllegg" {flame, rPois rF- Int+3 Stlth+} (You found it on level 5 of the Vaults)
113586 | Vaults:5 | Identified the +2 trident "Quxatria" {pierce, Fragile rC+ rN++ Int+4} (You took it off a deep elf archer on level 5 of the Vaults)
117333 | Vaults:4 | Got a glittering bone ring
117634 | Vaults:4 | Paralysed by fainting for 11 turns
120512 | Vaults:4 | Identified the ring "Komykiaf" {rF+ MR+ Str+7 Int+2} (You took it off a vault warden on level 4 of the Vaults)
124247 | Vaults:2 | Got a blackened arbalest
124249 | Vaults:2 | Identified the cursed +1 arbalest of Death {elec, -Tele rElec MR+} (You found it on level 2 of the Vaults)
124260 | Vaults:2 | Got a faintly glowing arbalest
124266 | Vaults:2 | Identified the +4 arbalest "Banisher" {venom, rN+ MR+ Str+2 Stlth-} (You found it on level 2 of the Vaults)
124768 | D:14     | Paralysed by fainting for 12 turns
125423 | Vaults:1 | Reached skill level 1 in Crossbows
125742 | Depths:1 | Entered Level 1 of the Depths
126525 | Depths:1 | Found a gateway to Hell.
127148 | Depths:1 | Reached XP level 26. HP: 244/258 MP: 26/33
128545 | Depths:1 | Got an uncursed jewelled battleaxe {flame}
128549 | Depths:1 | Identified the +6 battleaxe of the Establishment {flame, rElec rPois rF+} (You took it off a yaktaur on level 1 of the Depths)
129276 | Depths:2 | Paralysed by fainting for 5 turns
130758 | Depths:2 | Found a runed door.
130775 | Depths:2 | Found a runed door.
132242 | Depths:3 | Found a one-way gate to the infinite horrors of the Abyss.
132287 | Depths:3 | Found a one-way gate leading to the halls of Pandemonium.
132354 | Depths:3 | Found a magical portal.
132371 | WizLab   | Entered Doroklohe's Tomb
132460 | WizLab   | Noticed CitizenNev's ghost (adept DsFi)
132478 | WizLab   | Killed CitizenNev's ghost
132908 | WizLab   | Got a pitted scale mail
133279 | Depths:3 | Reached XP level 27. HP: 264/270 MP: 33/33
133608 | Depths:3 | Reached skill level 27 in Fighting
134509 | Depths:3 | Identified Qeyguf's Incunabulum of Scorching Darkness
134651 | Depths:3 | Found a shadowy altar of Dithmenos.
135241 | Depths:4 | Reached skill level 27 in Axes
135360 | Depths:4 | Reached skill level 5 in Polearms
135991 | Depths:4 | Reached skill level 10 in Polearms
136439 | Depths:5 | Entered Level 5 of the Depths
136549 | Depths:5 | Noticed a juggernaut
136571 | Depths:5 | Killed a juggernaut
137626 | Depths:5 | Found a gateway to a ziggurat.
137780 | Depths:5 | Found a gate to the Realm of Zot.
138397 | Depths:5 | Reached skill level 27 in Shields
138648 | Hell     | Entered the Vestibule of Hell
138648 | Hell     | Noticed Geryon
139092 | Hell     | Killed Geryon
139454 | Hell     | Found a gateway to the freezing wastes of Cocytus.
139660 | Hell     | Found a gateway to the Iron City of Dis.
139755 | Hell     | Found a gateway to the decaying netherworld of Tartarus.
139843 | Hell     | Found a gateway to the ashen valley of Gehenna.
140006 | Tar:1    | Entered Level 1 of Tartarus
141518 | Depths:5 | Paralysed by fainting for 10 turns
142628 | Tar:1    | Gained mutation: You are very clumsy. (Dex -4) [mutagenic glow]
142692 | Tar:1    | Gained mutation: You are dopey. (Int -2) [mutagenic glow]
144278 | Tar:1    | Killed from afar by a Tzitzimitl

Skill      XL: |  1  2  3  4  5  6  7  8  9 10 11 12 13 14 15 16 17 18 19 20 21 22 23 24 25 26 27 |
---------------+----------------------------------------------------------------------------------+-----
Fighting       | 4 5 6 7 9 10 11 12 13 14 16 17 19 20 21 22 23 24 25 26 27 | 27.0
Armour         | 4 5 6 7 9 10 11 12 13 14 15 16 17 18 19 20 24 | 24.3
Axes           | 3 4 5 6 7 9 11 12 14 15 16 17 18 19 20 21 22 23 24 25 27 | 27.0
Shields        | 4 5 6 8 10 11 12 13 14 16 17 18 19 20 21 22 23 24 25 27 | 27.0
Dodging        | 1 2 3 4 5 7 8 9 |  9.3
Stealth        | 1 2 3 4 5 |  5.8
Polearms       | 2 3 4 11 | 11.5
Spellcasting   | 2 4 5 6 7 |  7.6
Evocations     | 1 2 3 |  3.6
Charms         | 2 4 5 6 8 9 10 | 10.2
Translocations | 1 3 5 |  5.7
Necromancy     | 1 |  1.6
Hexes          | 1 |  1.1
Crossbows      | 1 |  1.6

Action                   |  1- 3 |  4- 6 |  7- 9 | 10-12 | 13-15 | 16-18 | 19-21 | 22-24 | 25-27 || total
-------------------------+-------+-------+-------+-------+-------+-------+-------+-------+-------++-------
Melee: War axe           |    82 |    98 |   344 |   912 |   119 |       |   726 |    13 |       ||  2294
       Headbutt          |     9 |    14 |    73 |   219 |   388 |   506 |   389 |   568 |   927 ||  3093
       Trident           |       |       |       |    36 |    38 |    63 |       |       |       ||   137
       Broad axe         |       |       |       |       |  1239 |  2188 |   934 |  1960 |  2917 ||  9238
       Spear             |       |       |       |       |       |    10 |       |       |       ||    10
       Battleaxe         |       |       |       |       |       |       |       |       |     2 ||     2
 Fire: Hand crossbow     |       |       |       |     3 |       |       |       |       |       ||     3
       Arbalest          |       |       |       |       |       |       |       |       |    19 ||    19
 Cast: Infusion          |       |       |       |       |     3 |     7 |     7 |     4 |     5 ||    26
       Shroud of Golubri |       |       |       |       |       |    10 |     9 |     6 |     5 ||    30
       Song of Slaying   |       |       |       |       |       |     6 |     2 |     3 |     2 ||    13
       Spectral Weapon   |       |       |       |       |       |     3 |     5 |     4 |     1 ||    13
       Regeneration      |       |       |       |       |       |     2 |    38 |     6 |       ||    46
       Blink             |       |       |       |       |       |       |     1 |       |     6 ||     7
 Abil: Evoke Invisibilit |       |       |       |       |     8 |     7 |     4 |       |       ||    19
       Evoke Flight      |       |       |       |       |     9 |     7 |       |       |       ||    16
Evoke: Wand              |       |       |       |     6 |     1 |     5 |       |       |     1 ||    13
  Use: Scroll            |       |       |     1 |    19 |    11 |     4 |    11 |     7 |    18 ||    71
       Potion            |       |       |       |       |     5 |     2 |     9 |     2 |     4 ||    22
 Stab: Invisible         |       |       |       |       |    25 |    13 |     5 |       |       ||    43
       Petrified         |       |       |       |       |       |    13 |       |       |       ||    13
       Held in net/web   |       |       |       |       |       |     1 |       |       |       ||     1
       Distracted        |       |       |       |       |       |       |     3 |     2 |     1 ||     6
       Sleeping          |       |       |       |       |       |       |     3 |       |       ||     3
  Eat: Chunk             |     1 |     6 |    13 |    26 |    45 |    74 |    20 |    33 |    52 ||   270
       Fruit             |       |       |     2 |     5 |     6 |    18 |     3 |       |       ||    34
       Meat ration       |       |       |       |     2 |     1 |       |       |     5 |     4 ||    12
       Royal jelly       |       |       |       |     1 |     8 |     1 |     7 |     3 |     3 ||    23
       Bread ration      |       |       |       |       |     1 |       |     4 |     4 |    11 ||    20
Armor: Scale mail        |    28 |       |       |       |       |       |       |     1 |       ||    29
       Ring mail         |     9 |     8 |       |       |       |       |       |       |       ||    17
       Chain mail        |       |    47 |    38 |       |       |    35 |       |       |    18 ||   138
       Plate armour      |       |       |   173 |   506 |   627 |   732 |   339 |   581 |  1148 ||  4106
       Swamp dragon scal |       |       |       |       |       |   141 |   370 |       |       ||   511
       Skin              |       |       |       |       |       |       |     1 |       |       ||     1
Dodge: Dodged            |    25 |    25 |    79 |   230 |   377 |   954 |   919 |   500 |   883 ||  3992
Block: Shield            |    48 |    50 |   211 |   575 |   700 |  1899 |  1585 |  1502 |  2225 ||  8795
       Reflection        |       |       |       |       |       |   149 |    54 |   166 |   178 ||   547
       Other             |       |       |       |       |       |       |       |    58 |   161 ||   219
       Buckler           |       |       |       |       |       |       |       |       |    19 ||    19
